 Dungeon Crawl Stone Soup version 0.25-a0-420-g1cc7eeb0d1 (webtiles) character file.

Game seed: 793464931917526511, levelgen mode: deterministic

30 Esekla the Gusty (level 3, 0/25 HPs)
             Began as a Human Air Elementalist on Jan 20, 2020.
             Succumbed to a scorpion's poison
             ... on level 4 of the Dungeon.
             The game lasted 00:06:30 (842 turns).

Esekla the Gusty (Human Air Elementalist)            Turns: 842, Time: 00:06:30

Health: 0/25       AC:  3    Str:  8    XL:     3   Next: 37%
Magic:  0/6        EV: 12    Int: 21    God:
Gold:   17         SH:  0    Dex: 13    Spells: 6/7 levels left

rFire    . . .     SeeInvis .   b - +0 short sword
rCold    . . .     Gourm    .   (no shield)
rNeg     . . .     Faith    .   a - +0 robe
rPois    .         Spirit   .   d - +0 helmet
rElec    .         Reflect  .   (no cloak)
rCorr    .         Harm     .   (no gloves)
MR       .....                  (no boots)
Stlth    ++........             (no amulet)
HPRegen  0.08/turn              (no ring)
MPRegen  0.10/turn              (no ring)

@: brilliant, lethally poisoned (0 -> -16), very slightly contaminated
A: no striking features
a: no special abilities


You were on level 4 of the Dungeon.
You were not hungry.

You visited 1 branch of the dungeon, and saw 3 of its levels.

You collected 17 gold pieces.

Inventory:

Hand Weapons
 b - a +0 short sword (weapon)
Missiles
 g - 13 poisoned darts (quivered)
Armour
 a - a +0 robe (worn)
 d - a +0 helmet (worn)
Scrolls
 e - a scroll of enchant armour {unknown}
 f - a scroll of identify {unknown}
 h - a scroll of fog {unknown}
Comestibles
 c - 2 rations


   Skills:
 + Level 0.7 Fighting
 * Level 2.2 Dodging
 - Level 2.0 Stealth
 * Level 2.5 Spellcasting
 * Level 1.0 Conjurations
 + Level 3.4 Air Magic


You had 6 spell levels left.
You knew the following spells:

 Your Spells              Type           Power        Failure   Level  Hunger
a - Shock                 Conj/Air       ###.         1%          1    None

Your spell library contained the following spells:

 Spells                   Type           Power        Failure   Level  Hunger
 Swiftness                Chrm/Air       ###.....     1%          2    ##.....
 Static Discharge         Conj/Air       ###.....     2%          3    ###....
 Airstrike                Air            ####......   4%          4    ####...
 Lightning Bolt           Conj/Air       ###.......   16%         5    ######.


Dungeon Overview and Level Annotations

Branches:
Dungeon (2/15)

Altars:


Message History

The scorpion is moderately wounded.
You feel sick. The scorpion stings you!
* * * LOW HITPOINT WARNING * * *
The scorpion closely misses you.
Casting: Shock (safe; 8% risk of failure)
Confirm with . or Enter, or press ? or * to list all spells.
Aiming: Shock (safe; 8% risk of failure)
Press: ? - help, Shift-Dir - straight line The zap hits the scorpion.
The scorpion is heavily wounded.
The zap hits the scorpion.
The scorpion is severely wounded.
* * * LOW HITPOINT WARNING * * *
You feel sick. The scorpion stings you.
* * * LOW HITPOINT WARNING * * *
You are more poisoned.
The scorpion poisons you!
It was a potion of brilliance.
You feel clever all of a sudden.
You die...

####### #.....#
#.....#########
#.............#
#.....#######.#
#...<.....@s..#
#
##...#########.#
##.#.....# #.#
.........# ##.##
####.....#
##...## ##...##
##.....#####
###.#
#............
#.#
##.....######
#.# ##...##


You could see a scorpion.

Vanquished Creatures
  An adder (D:4)
  A dart slug (D:1)
  A leopard gecko (D:1)
  4 ball pythons
  2 giant cockroaches (D:1)
  3 hobgoblins
  2 bats (D:1)
  A frilled lizard (D:1)
  2 kobolds (D:1)
  A rat (D:1)
18 creatures vanquished.

Notes
Turn   | Place    | Note
-------+----------+-------------------------------------------
     0 | D:1      | Esekla the Human Air Elementalist began the quest for the
                  | Orb.
     0 | D:1      | Reached XP level 1. HP: 13/13 MP: 3/3
   202 | D:1      | Reached XP level 2. HP: 10/19 MP: 0/5
   612 | D:2      | Reached XP level 3. HP: 24/24 MP: 2/6
   625 | D:2      | You fall into a shaft and drop 2 floors!
   831 | D:4      | Noticed a scorpion
   841 | D:4      | HP: 1/25 [scorpion (2)]
   842 | D:4      | Succumbed to a scorpion's poison

Levels and vault maps discovered:
D:1:      minmay_arrival_semitransparent, layout_basic
D:2:      layout_rooms, yredelemnul_forgotten_temple_becter, old_standard_altar
D:4:      layout_loops_ring, nicolae_overflow_hidden_temple

Action                   || total
-------------------------++-------
Melee: Unarmed           ||    10
       Short sword       ||    10
 Cast: Shock             ||    29
  Use: Potion            ||     1
Armor: Robe              ||    16
Dodge: Dodged            ||    36

Table legend:
 A = Non-vault XP
 B = Vault XP
 C = Vault XP percentage of total XP
 D = Non-vault monster count
 E = Vault monster count
 F = Vault count percentage of total count
                 A         B        C        D         E       F
            +---------+---------+-------+---------+---------+-------
      Total |      44 |       0 |   0.0 |      18 |       0 |   0.0
            +---------+---------+-------+---------+---------+-------
        D:1 |      26 |       0 |   0.0 |      15 |       0 |   0.0
        D:2 |       4 |       0 |   0.0 |       2 |       0 |   0.0
        D:4 |      14 |       0 |   0.0 |       1 |       0 |   0.0
            +---------+---------+-------+---------+---------+-------
